 Dungeon Crawl Stone Soup version 0.30.1-4-g462c640d31 (webtiles) character file.

Game seed: 1161870799300262939

235202 spardeous the Thaumaturge (level 17, -5/137 HPs)
             Began as a Demigod Conjurer on Aug 11, 2023.
             Slain by a sun demon (8 damage)
             ... in a wizard's laboratory.
             The game lasted 01:51:36 (44264 turns).

spardeous the Thaumaturge (Demigod Conjurer)       Turns: 44264, Time: 01:51:36

Health: -5/137     AC: 21    Str: 10    XL:     17   Next: 83%
Magic:  29/38      EV: 16    Int: 37    God:
Gold:   918        SH: 16    Dex: 19    Spells: 6/40 levels left

rFire   + . .        Q - +9 sling of Rubbish {freeze, rPois}
rCold   + . .        V - +4 kite shield {reflect}
rNeg    + . .        y - +2 troll leather armour "Xos Hof" {rElec rN+ Regen+ Str+3}
rPois   +            l - +2 helmet
rElec   +            P - +2 cloak {rC+}
rCorr   .            K - +2 pair of gloves
SInv    .            B - +2 pair of boots {Stlth+}
Will    +....        o - amulet of magic regeneration
Stlth   ++           i - ring "Saessacw" {Fly rElec rF+ Dex-5}
HPRegen 1.22/turn    L - +6 ring of intelligence
MPRegen 0.66/turn

%: random rage (3%), reflection
@: on fire, flying, glowing
A: high MP 1, forlorn, divine attributes, agile 1, berserk 1, sense surroundings
1
}: 2/15 runes: serpentine, barnacled
a: no special abilities


You were in a wizard's laboratory.
You visited 6 branches of the dungeon, and saw 30 of its levels.
You visited 1 bazaar.
You also visited: Sewer, Ossuary, Bailey, Ice Cave and Wizlab.

You collected 3283 gold pieces.
You spent 2365 gold pieces at shops.

Inventory:

Hand Weapons
 Q - the +9 sling of Rubbish (weapon) {freeze, rPois}
   (You found it on level 9 of the Dungeon)

   rPois:     It protects you from poison.
 X - the +6 long sword of Dullness {drain, SInv}
   (You found it in an ice cave)

   SInv:      It lets you see invisible.
Armour
 j - the +4 scale mail of Pathos {rF+ Regen+ Int-3}
   (You bought it in a shop in a bazaar)

   Int:       It affects your intelligence (-3).
   rF:        It protects you from fire.
   Regen:     It increases your rate of health regeneration.
 l - a +2 helmet (worn)
 w - the +10 chain mail "Weilag" {rN+}
   (You bought it in a shop in a bazaar)

   rN:        It protects you from negative energy.
 y - the +2 troll leather armour "Xos Hof" (worn) {rElec rN+ Regen+ Str+3}
   (You bought it in a shop in a bazaar)

   Str:       It affects your strength (+3).
   rElec:     It insulates you from electricity.
   rN:        It protects you from negative energy.
   Regen:     It increases your rate of health regeneration.
 B - a +2 pair of boots of stealth (worn)
 K - a +2 pair of gloves (worn)
 P - a +2 cloak of cold resistance (worn)
 T - the +3 hat of Pondering {ponderous, Will+ MP+10 Int+5}
   (You took it off Gastronok on level 12 of the Dungeon)

   Int:       It affects your intelligence (+5).
   MP:        It affects your magic capacity (+10).
   Will:      It increases your willpower.
 V - a +4 kite shield of reflection (worn)
Jewellery
 a - a +6 ring of strength
 i - the ring "Saessacw" (left hand) {Fly rElec rF+ Dex-5}
   (You found it in an ice cave)

   [ring of flight]

   Dex:       It affects your dexterity (-5).
   rF:        It protects you from fire.
   rElec:     It insulates you from electricity.
   Fly:       It grants you flight.
 o - an amulet of magic regeneration (around neck)
 L - a +6 ring of intelligence (right hand)
Wands
 f - a wand of mindburst (18)
 r - a wand of flame (40)
 t - a wand of acid (23)
 O - a wand of roots (22)
 U - a wand of digging (9)
Scrolls
 b - 5 scrolls of magic mapping
 c - 4 scrolls of fear
 g - a scroll of summoning
 k - a scroll of enchant armour
 q - 2 scrolls of brand weapon
 v - 4 scrolls of teleportation
 x - 3 scrolls of amnesia
 E - 3 scrolls of poison
 F - 4 scrolls of immolation
 I - 2 scrolls of enchant weapon
 R - 3 scrolls of silence
 S - 4 scrolls of fog
Potions
 d - 2 potions of mutation
 e - 3 potions of haste
 m - 4 potions of cancellation
 n - 7 potions of flight
 u - a potion of curing
 z - 6 potions of might
 C - 4 potions of brilliance
 H - 4 potions of attraction
 N - 5 potions of lignification
 W - 3 potions of ambrosia
 Z - 4 potions of berserk rage
Miscellaneous
 Y - a lightning rod (4/4)


   Skills:
 + Level 9.1 Fighting
 - Level 10.3 Ranged Weapons
 - Level 10.1 Armour
 - Level 9.8 Dodging
 - Level 5.2 Stealth
 - Level 10.1 Shields
 - Level 12.3 Spellcasting
 - Level 11.5 Conjurations
 - Level 7.2 Necromancy
 - Level 11.1 Translocations
 - Level 8.5 Transmutations
 - Level 3.2 Earth Magic


You had 6 spell levels left.
You knew the following spells:

 Your Spells              Type           Power      Damage    Failure   Level
a - Fulminant Prism       Conj/Hex       30%        3d16      6%          4
b - Searing Ray           Conj           100%       2d8       1%          2
c - Iskenderun's Mystic   Conj/Tloc      82%        2d16      1%          4
d - Statue Form           Tmut/Erth      40%        N/A       63%         6
f - Borgnjor's Vile Clut  Necr/Erth      29%        N/A       21%         5
g - Sublimation of Blood  Necr           67%        N/A       1%          2
h - Iron Shot             Conj/Erth      33%        9d7       41%         6
i - Arcjolt               Conj/Air       30%        1d40      16%         5

Your spell library contained the following spells:

 Spells                   Type           Power      Damage    Failure   Level
 Apportation              Tloc           100%       N/A       1%          1
 Beastly Appendage        Tmut           100%       N/A       1%          1
 Magic Dart               Conj           100%       1d8       1%          1
 Sting                    Tmut/Pois      100%       1d8       1%          1
 Passwall                 Tmut/Erth      50%        N/A       1%          2
 Wereblood                Tmut           72%        N/A       1%          2
 Dazzling Flash           Conj/Hex       100%       N/A       1%          3
 Gell's Gravitas          Tloc           81%        N/A       1%          3
 Hailstorm                Conj/Ice       60%        3d13      1%          3
 Stone Arrow              Conj/Erth      100%       3d13      1%          3
 Teleport Other           Tloc           81%        N/A       1%          3
 Vhi's Electric Charge    Tloc/Air       100%       N/A       1%          3
 Irradiate                Conj/Tmut      38%        3d24      2%          5
 Cigotuvi's Dreadful Rot  Necr/Pois/Air  80%        N/A       3%          2
 Mephitic Cloud           Conj/Pois/Air  51%        N/A       3%          3
 Spider Form              Tmut/Pois      53%        N/A       3%          3
 Dispel Undead            Necr           67%        3d23      3%          4
 Petrify                  Tmut/Erth      61%        N/A       5%          4
 Call Imp                 Summ           44%        N/A       10%         2
 Ensorcelled Hibernation  Hex/Ice        44%        N/A       10%         2
 Poisonous Vapours        Pois/Air       44%        N/A       10%         2
 Dispersal                Tloc           40%        N/A       10%         6
 Ice Form                 Ice/Tmut       53%        N/A       11%         4
 Anguish                  Hex/Necr       24%        N/A       14%         4
 Ozocubu's Armour         Ice            22%        N/A       19%         3
 Swiftness                Air            22%        N/A       19%         3
 Alistair's Intoxication  Tmut/Pois      35%        N/A       30%         5
 Animate Armour           Summ/Erth      70%        N/A       32%         4
 Freezing Cloud           Conj/Ice/Air   25%        6-21      34%         5
 Death Channel            Necr           33%        N/A       43%         6
 Olgreb's Toxic Radiance  Pois           22%        N/A       52%         4
 Summon Lightning Spire   Summ/Air       22%        N/A       52%         4
 Metabolic Englaciation   Hex/Ice        11%        N/A       86%         5
 Summon Mana Viper        Hex/Summ       22%        N/A       86%         5
 Eringya's Noxious Bog    Tmut/Pois      26%        N/A       86%         6
 Simulacrum               Ice/Necr       24%        N/A       91%         6
 Plasma Beam              Fire/Air       11%        2x1d24    100%        6
 Ozocubu's Refrigeration  Ice            11%        4d9       100%        7
 Summon Hydra             Summ           11%        N/A       100%        7
 Chain Lightning          Conj/Air       30%        3d40      100%        9
 Fire Storm               Conj/Fire      30%        8d8       100%        9
 Polar Vortex             Ice            11%        N/A       100%        9
 Shatter                  Erth           23%        3d20*     100%        9


Dungeon Overview and Level Annotations

Branches:
Dungeon (13/15)            Temple (0/1) D:6            Lair (5/5) D:8
 Shoals (4/4) Lair:2        Snake (4/4) Lair:3        Slime (0/5) Lair:5
    Orc (2/2) D:9             Elf (2/3) Orc:2         Sewer (visited)
Ossuary (visited)          Bailey (visited)           IceCv (visited)
 WizLab (1/1)
 Vaults: D:13-14

Shops:
D:7 ((?   D:9 =   D:10 ?   Orc:2 :((*   Elf:1 (   Shoals:1 [   Shoals:2 !
Snake:2 [?   Snake:4 !![

Portals:
Trove: D:11 (give 2 scrolls of acquirement)

Annotations:
D:3 exclusion: oklob plant


Innate Abilities, Weirdness & Mutations

You have an increased reservoir of magic. (+10% MP)
You shall have no god before yourself.
Your divine heritage dramatically boosts your attributes as you level up.
You are agile. (Dex +4, Str/Int -1)
You sometimes lose your temper in combat.
You passively map a small area around you.


Message History

You kill the ufetubus!
The ufetubus disappears in a puff of smoke!
You hear a bellow!
You now have 32/38 mp.
Unknown command.
Unknown command.
Unknown command.
Casting: Iskenderun's Mystic Blast (mildly dangerous; 1% risk of failure)
Confirm with . or Enter, or press ? or * to list all spells.
You erupt in a blast of force!
The mystic blast hits the red devil!
The red devil is heavily wounded.
The red devil is knocked back by the mystic blast.
The mystic blast hits the blizzard demon!
The blizzard demon is moderately wounded.
The blizzard demon is knocked back by the mystic blast.
Your surroundings suddenly seem different.
Jiug shouts!
The balrug shouts!
You hear a chilling moan.
The smoke demon gestures at you. The sticky flame hits you. You resist.
You are covered in liquid flames!
* * * LOW HITPOINT WARNING * * *
The balrug gestures at you. Something smites you!
* * * LOW HITPOINT WARNING * * *
You take 15 damage, and have 7/137 hp.
You now have 28/38 mp.
Unknown command.
Blink to where?
Press: ? - help, Dir - move target
Okay, then.
Blink to where?
Press: ? - help, Dir - move target
As you read the scroll of blinking, it crumbles to dust.
You are covered in liquid flames!
* * * LOW HITPOINT WARNING * * *
You carefully extract the barbed spikes from your body.
The sun demon shouts!
You hear a chilling moan.
The sun demon hits you.
* * * LOW HITPOINT WARNING * * *
You are engulfed in flames!
You resist.
You die...

#..........# , ,
#..°.§...##, .....
##§§....2#., .....,
###§.......,
,.....# #....#.. ,
....# *....##..,
#....#
#....##.##....#
*#......3....#*
.......@...#
#.........##
##.......##
###'''### ##.....#
###..2......# *
##.§...........#
##...3...........#
#......#####..{...#


You could see a blizzard demon, a sun demon, a smoke demon and a hellion.

Vanquished Creatures
  Rupert (D:12)
  Asterion (Snake:1)
  Mlioglotl (Snake:1)
  A kraken (Shoals:4)
  Frances (Shoals:2)
  Polyphemus (Shoals:4)
  Gastronok (D:12)
  Roxanne (Shoals:3)
  4 nagarajas
  A deep elf sorcerer (Elf:1)
  Aizul (Snake:1)
  3 cacodemons (WizLab)
  A demonspawn blood saint (WizLab)
  2 merfolk javelineers (Shoals:3)
  A deep elf death mage (Elf:1)
  A blizzard demon (WizLab)
  5 merfolk impalers
  The ghost of superradish the Prestidigitator, a journeyman DsBr of Dithmenos (D:12)
  4 salamander tyrants
  2 vault guards (Bailey)
  Harold (D:10)
  An ogre mage (Orc:1)
  2 merfolk avatars
  5 catoblepae
  2 hydras
  8 anacondas
  3 boulder beetles
  An alligator snapping turtle (Shoals:4)
  3 centaur warriors
  8 merfolk aquamancers
  11 two-headed ogres
  9 naga warriors
  5 dancing weapons (Elf:1)
  4 satyrs
  13 death yaks
  3 orc high priests (Orc:2)
  4 shock serpents
  16 naga sharpshooters
  2 deep elf knights (Elf:1)
  2 sun demons (WizLab)
  5 salamander mystics
  6 skysharks
  12 sea snakes
  3 deep elf archers (Elf:1)
  2 bog bodies (IceCv)
  7 naga ritualists
  4 orc knights (Orc:2)
  Pikel (D:7)
  A lindwurm (Lair:3)
  A kraken simulacrum (Shoals:4)
  A lindwurm (shapeshifter) (D:13)
  6 harpies (Shoals:4)
  13 mana vipers
  6 deep elf pyromancers (Elf:1)
  14 deep elf zephyrmancers (Elf:1)
  4 orc sorcerers (Orc:2)
  13 manticores
  22 fauns
  4 ugly things
  14 salamanders
  A cyclops (Shoals:4)
  8 elephants (Lair:5)
  An ice statue (IceCv)
  37 black mambas
  5 water nymphs
  8 merfolk sirens
  5 guardian serpents
  4 rust devils (WizLab)
  Joseph (D:10)
  21 naga magi
  7 cane toads
  2 gargoyles (D:10)
  An unseen horror (D:10)
  An orange demon (WizLab)
  Maggie (D:7)
  5 rime drakes
  4 ice devils
  8 komodo dragons
  A meliai (shapeshifter) (D:13)
  A troll (shapeshifter) (Elf:2)
  4 trolls
  13 merfolk
  7 polar bears
  A hellwing (WizLab)
  2 hornets
  7 snapping turtles
  7 wind drakes
  Prince Ribbit (Bailey)
  18 blink frogs
  8 dream sheep
  7 slime creatures
  Sigmund (D:2)
  A shadow (D:11)
  11 water elementals
  A ynoxinul (D:12)
  2 dire elephant simulacra (IceCv)
  4 basilisks
  5 wraiths
  50 yaks
  2 fire elementals (Elf:1)
  2 wyverns
  A hog (shapeshifter) (Elf:1)
  6 humans (Bailey)
  Grum (D:10)
  A steam dragon (D:9)
  7 vampire mosquitoes
  A chaos spawn (WizLab)
  Menkaure (D:7)
  2 death yak simulacra (IceCv)
  Edmund (D:4)
  A warg (Orc:1)
  Duvessa (D:7)
  38 nagas
  16 water moccasins
  An acid dragon (D:12)
  2 hydra simulacra (IceCv)
  6 black bears
  8 ice beasts
  20 orc warriors
  A sky beast (D:7)
  20 ogres
  4 centaurs
  19 wolves
  3 lemures (D:7)
  20 bullfrogs
  Blork the orc (D:5)
  2 scorpions
  8 two-headed ogre simulacra (IceCv)
  2 earth elementals (Elf:1)
  2 gnoll sergeants
  6 wights
  Dowan (D:7)
  14 killer bees
  2 elephant simulacra (IceCv)
  A howler monkey (D:12)
  An electric eel (D:8)
  3 lava snakes (Lair:3)
  A hound (D:5)
  4 jellies
  A gnoll bouda (D:8)
  20 orc priests
  A human zombie (Ossuary)
  Crazy Yiuf (D:4)
  4 iguanas
  18 orc wizards
  Ijyb (D:4)
  5 hell rats (Lair:2)
  A polar bear simulacrum (IceCv)
  3 spriggan simulacra (IceCv)
  12 troll simulacra (IceCv)
  2 hound zombies (Ossuary)
  4 mummies (Ossuary)
  13 gnolls
  8 adders
  3 river rats (D:3)
  5 naga simulacra (IceCv)
  8 white imps
  6 ufetubi
  An adder zombie (Ossuary)
  5 worms
  A dart slug (D:5)
  63 orcs
  5 bats
  A bat zombie (D:4)
  6 endoplasms
  3 giant cockroaches
  10 goblins
  9 hobgoblins
  9 jackals
  7 kobolds
  6 quokkas
  2 training dummies (D:5)
  12 ball pythons
  3 frilled lizards
  3 goblin zombies (Ossuary)
  A hobgoblin zombie (Ossuary)
  A jackal zombie (Ossuary)
  A kobold zombie (Ossuary)
  2 orc zombies (Ossuary)
  9 rats
  A rat zombie (D:4)
  5 tentacles (Shoals:4)
1063 creatures vanquished.

Vanquished Creatures (others)
  Ilsuiw (Shoals:3)
  A water elemental (Shoals:4)
  A gnoll sergeant (D:6)
  2 gnolls (D:6)
  9 fulminant prisms
  6 tentacles (Shoals:4)
20 creatures vanquished.

Grand Total: 1083 creatures vanquished

Notes
Turn   | Place    | Note
-------+----------+-------------------------------------------
     0 | D:1      | spardeous the Demigod Conjurer began the quest for the Orb.
     0 | D:1      | Reached XP level 1. HP: 14/14 MP: 5/5
   253 | D:1      | Reached skill level 2 in Spellcasting
   566 | D:1      | Reached XP level 2. HP: 19/20 MP: 3/7
   765 | D:1      | Learned a level 2 spell: Searing Ray
  1582 | D:2      | Reached XP level 3. HP: 26/26 MP: 7/9
  1641 | D:2      | Noticed Sigmund
  1734 | D:2      | Killed Sigmund
  1735 | D:2      | Reached skill level 3 in Spellcasting
  1735 | D:2      | Reached skill level 5 in Conjurations
  1735 | D:2      | Reached XP level 4. HP: 33/33 MP: 2/12
  1735 | D:2      | Reached XP level 5. HP: 38/38 MP: 2/13
  2289 | D:3      | Reached skill level 4 in Spellcasting
  2313 | D:3      | Found a glowing drain.
  2317 | Sewer    | Entered a sewer
  2415 | Sewer    | Noticed a water moccasin
  2422 | Sewer    | Killed a water moccasin
  2423 | Sewer    | Reached XP level 6. HP: 40/45 MP: 7/15
  2946 | D:3      | Learned a level 4 spell: Iskenderun's Mystic Blast
  3337 | D:3      | Noticed an oklob plant
  3746 | D:4      | Identified the +3 leather armour of Negligence {+Blink
                  | rCorr Dex+2}
  3946 | D:4      | Noticed Ijyb
  3953 | D:4      | Killed Ijyb
  4044 | D:4      | Noticed Edmund
  4053 | D:4      | Killed Edmund
  4054 | D:4      | Reached skill level 5 in Spellcasting
  4054 | D:4      | Reached XP level 7. HP: 50/50 MP: 8/17
  4410 | D:4      | Found a runed translucent door.
  4411 | D:4      | Noticed Crazy Yiuf
  4857 | D:5      | Entered Level 5 of the Dungeon
  4885 | D:5      | Reached skill level 1 in Translocations
  5332 | D:5      | Noticed Blork the orc
  5474 | D:5      | Killed Blork the orc
  5475 | D:5      | Reached XP level 8. HP: 55/57 MP: 11/19
  5993 | D:4      | Killed Crazy Yiuf
  6060 | D:6      | Found a sand-covered staircase.
  6066 | Ossuary  | Entered an ossuary
  6104 | Ossuary  | Reached skill level 5 in Translocations
  7012 | D:6      | Found a staircase to the Ecumenical Temple.
  7183 | D:7      | Found Cazial's Magic Scroll Emporium.
  7193 | D:7      | Noticed Pikel
  7238 | D:7      | Noticed Menkaure
  7241 | D:7      | Killed Pikel
  7243 | D:7      | Reached XP level 9. HP: 55/62 MP: 2/20
  7397 | D:7      | Killed Menkaure
  7419 | D:7      | Bought a scroll of identify for 30 gold pieces
  7419 | D:7      | Bought a scroll of teleportation for 45 gold pieces
  7522 | D:7      | Noticed Dowan
  7525 | D:7      | Found Yrriapp's Weapon Emporium.
  7525 | D:7      | Noticed Duvessa
  7534 | D:7      | Killed Duvessa
  7538 | D:7      | Reached skill level 6 in Spellcasting
  7564 | D:7      | Killed Dowan
  7779 | D:7      | Found Nercheom's Weapon Shoppe.
  7932 | D:7      | Reached skill level 7 in Spellcasting
  8157 | D:7      | Noticed Maggie
  8170 | D:7      | Killed Maggie
  8458 | D:8      | Noticed a two-headed ogre
  8476 | D:8      | Killed a two-headed ogre
  8477 | D:8      | Reached skill level 8 in Spellcasting
  8479 | D:8      | Noticed a two-headed ogre
  8488 | D:8      | Killed a two-headed ogre
  8489 | D:8      | Reached skill level 9 in Spellcasting
  8489 | D:8      | Reached XP level 10. HP: 53/69 MP: 6/27
  8739 | D:8      | Identified the +6 rapier "Widowermaker" {heavy, Will- Str+3
                  | Int+3 Stlth+}
  8926 | D:8      | Found a staircase to the Lair.
  8941 | D:8      | Reached skill level 10 in Spellcasting
  9566 | D:8      | Gained mutation: You passively map a small area around you.
                  | [potion of mutation]
  9566 | D:8      | Gained mutation: You are agile. (Dex +4, Str/Int -1)
                  | [potion of mutation]
  9811 | D:9      | Reached skill level 11 in Spellcasting
  9868 | D:9      | Identified the +9 sling of Rubbish {freeze, rPois}
  9936 | D:9      | Found a staircase to the Orcish Mines.
 10041 | D:9      | Identified the +12 short sword of the Spider Nest {pain,
                  | Drain rPois Int+3}
 10090 | D:9      | Found a flagged portal.
 10121 | Bailey   | Entered a bailey
 10279 | Bailey   | Noticed Prince Ribbit
 10280 | Bailey   | Reached XP level 11. HP: 58/74 MP: 10/31
 10287 | Bailey   | Killed Prince Ribbit
 10346 | Bailey   | Noticed a vault guard
 10355 | Bailey   | Killed a vault guard
 10391 | Bailey   | Noticed a vault guard
 10395 | Bailey   | Reached skill level 12 in Spellcasting
 10406 | Bailey   | Killed a vault guard
 10596 | D:9      | Learned a level 2 spell: Wereblood
 10606 | D:9      | Learned a level 9 spell: Shatter
 10611 | D:9      | Learned a level 4 spell: Fulminant Prism
 10618 | D:9      | Learned a level 6 spell: Simulacrum
 10725 | D:9      | Identified the +9 glaive of Disharmony {heavy, rPois rC+}
 11165 | D:9      | Found Radof's Jewellery Boutique.
 11408 | D:10     | Entered Level 10 of the Dungeon
 11432 | D:10     | Noticed Harold
 11452 | D:10     | Killed Harold
 11536 | D:10     | Noticed Grum
 11542 | D:10     | Killed Grum
 11737 | D:10     | Noticed a two-headed ogre
 11747 | D:10     | Killed a two-headed ogre
 11963 | D:10     | Noticed a two-headed ogre
 11967 | D:10     | Killed a two-headed ogre
 12049 | D:10     | Noticed Joseph
 12062 | D:10     | Killed Joseph
 12265 | D:10     | Found The Oracle's Delphic Readings.
 12269 | D:10     | Bought a scroll of identify for 28 gold pieces
 12269 | D:10     | Bought a scroll of identify for 28 gold pieces
 12270 | D:10     | Identified a scroll of acquirement
 12277 | D:10     | Acquired a +1 pair of boots of stealth
 12738 | D:11     | Reached skill level 10 in Conjurations
 12740 | D:11     | Noticed a boulder beetle
 12780 | D:11     | Killed a boulder beetle
 12906 | D:11     | Found a portal to a secret trove of treasure.
 12985 | D:11     | Noticed a two-headed ogre
 12995 | D:11     | Killed a two-headed ogre
 12996 | D:11     | Reached XP level 12. HP: 69/81 MP: 17/33
 13517 | D:12     | Noticed Rupert
 13563 | D:12     | Noticed Gastronok
 13634 | D:12     | Noticed a boulder beetle
 13664 | D:12     | Killed a boulder beetle
 13918 | D:12     | Killed Gastronok
 14045 | D:12     | Noticed a boulder beetle
 14061 | D:12     | Killed a boulder beetle
 14126 | D:12     | Paralysed by Rupert for 2 turns
 14140 | D:12     | Killed Rupert
 14141 | D:12     | Reached skill level 10 in Translocations
 14170 | D:12     | Identified the +9 short sword of Big Damage {heavy,
                  | *Corrode rF+ Int+3}
 14279 | D:12     | Noticed superradish's ghost (journeyman DsBr)
 14280 | D:12     | Found a runed translucent door.
 14498 | D:12     | Killed superradish's ghost
 14508 | D:12     | Got Dispater's Spellbook of Quicksand
 14660 | D:13     | Noticed a centaur warrior
 14668 | D:13     | Killed a centaur warrior
 14832 | D:13     | Noticed a catoblepas
 14839 | D:13     | Killed a catoblepas
 15271 | D:13     | Reached skill level 1 in Shields
 15728 | D:13     | Noticed a centaur warrior
 15738 | D:13     | Killed a centaur warrior
 16101 | Lair:1   | Entered Level 1 of the Lair of Beasts
 16156 | Lair:1   | Identified the +1 buckler of the Evil One {Dex+7}
 16394 | Lair:1   | Reached skill level 5 in Shields
 16399 | Lair:1   | Reached XP level 13. HP: 43/86 MP: 12/34
 17222 | Lair:2   | Found a staircase to the Shoals.
 17240 | Lair:2   | HP: 1/86 [manticore/volley of spikes (16)]
 18647 | Lair:2   | Learned a level 6 spell: Iron Shot
 18918 | Lair:3   | Reached skill level 1 in Fighting
 18951 | Lair:3   | Found a staircase to the Snake Pit.
 19476 | Lair:3   | You fall into a shaft and drop 2 floors!
 19476 | Lair:5   | Entered Level 5 of the Lair of Beasts
 19501 | Lair:5   | Reached skill level 5 in Fighting
 19563 | Lair:5   | Found a frozen archway.
 19606 | IceCv    | Entered an ice cave
 20388 | IceCv    | Identified the +6 long sword of Dullness {drain, SInv}
 20417 | IceCv    | Reached skill level 1 in Armour
 21401 | IceCv    | Identified the ring "Saessacw" {Fly rElec rF+ Dex-5}
 21717 | Lair:5   | Reached XP level 14. HP: 88/107 MP: 13/35
 21778 | Lair:5   | Found a staircase to the Slime Pits.
 21838 | Lair:5   | Reached skill level 5 in Armour
 23120 | Lair:5   | Identified the +11 flail of Sowilix {drain, Drain Str-5
                  | Dex+5 SInv}
 23861 | Lair:4   | Reached skill level 5 in Dodging
 25063 | Orc:1    | Entered Level 1 of the Orcish Mines
 26033 | Orc:2    | Entered Level 2 of the Orcish Mines
 26084 | Orc:2    | Found a staircase to the Elven Halls.
 27118 | Orc:2    | Found Eqaack's General Store.
 27123 | Orc:2    | Found Piffenah's Antique Weapon Shop.
 27130 | Orc:2    | Found Wedemodu's Weapon Shop.
 27132 | Orc:2    | Found Iplew's Book Emporium.
 27149 | Orc:2    | Learned a level 5 spell: Borgnjor's Vile Clutch
 27315 | Orc:2    | Bought a potion of lignification for 33 gold pieces
 27315 | Orc:2    | Bought a scroll of fog for 44 gold pieces
 27315 | Orc:2    | Bought a scroll of identify for 22 gold pieces
 27436 | D:7      | Bought a scroll of immolation for 60 gold pieces
 27765 | Snake:1  | Entered Level 1 of the Snake Pit
 27783 | Snake:1  | Noticed Asterion
 27822 | Snake:1  | Noticed a balrug
 28051 | Snake:1  | Killed Asterion
 28052 | Snake:1  | Reached skill level 1 in Necromancy
 28052 | Snake:1  | Reached skill level 1 in Earth Magic
 28052 | Snake:1  | Reached XP level 15. HP: 78/113 MP: 18/36
 28401 | Snake:1  | Noticed Aizul
 28426 | Snake:1  | Killed Aizul
 28978 | Snake:1  | Reached skill level 1 in Ranged Weapons
 29436 | Snake:1  | Noticed Mlioglotl
 29448 | Snake:1  | Killed Mlioglotl
 29879 | Snake:2  | Noticed a nagaraja
 29896 | Snake:2  | Killed a nagaraja
 29910 | Snake:2  | Found a flickering gateway to a bazaar.
 29925 | Snake:2  | Reached skill level 5 in Ranged Weapons
 29971 | Bazaar   | Entered a bazaar
 29971 | Bazaar   | Found Suej's Magic Scroll Boutique.
 29971 | Bazaar   | Found Roatadir's Armour Shop.
 29971 | Bazaar   | Found Aneuweni's General Store.
 29971 | Bazaar   | Found Okilapn's Jewellery Boutique.
 30000 | Bazaar   | Bought a scroll of teleportation for 36 gold pieces
 30000 | Bazaar   | Bought a potion of curing for 36 gold pieces
 30000 | Bazaar   | Bought a potion of curing for 36 gold pieces
 30004 | Bazaar   | Bought the +4 scale mail of Pathos {rF+ Regen+ Int-3} for
                  | 285 gold pieces
 30004 | Bazaar   | Bought the +10 chain mail "Weilag" {rN+} for 591 gold
                  | pieces
 30004 | Bazaar   | Bought the +2 troll leather armour "Xos Hof" {rElec rN+
                  | Regen+ Str+3} for 445 gold pieces
 30008 | Bazaar   | Bought a scroll of identify for 24 gold pieces
 30009 | Bazaar   | Bought a scroll of blinking for 90 gold pieces
 30009 | Bazaar   | Bought a scroll of blinking for 90 gold pieces
 30009 | Bazaar   | Bought a scroll of teleportation for 36 gold pieces
 30009 | Bazaar   | Bought a scroll of teleportation for 36 gold pieces
 30017 | Bazaar   | Bought a scroll of magic mapping for 90 gold pieces
 30017 | Bazaar   | Bought a scroll of magic mapping for 90 gold pieces
 30017 | Bazaar   | Bought a scroll of fog for 48 gold pieces
 30198 | Snake:2  | Found Acedoof's Armour Boutique.
 30203 | Snake:2  | Found Miogolle's Magic Scroll Shop.
 31962 | Snake:3  | Reached skill level 10 in Ranged Weapons
 32021 | Snake:3  | Noticed a nagaraja
 32029 | Snake:3  | Killed a nagaraja
 32225 | Snake:3  | Reached XP level 16. HP: 121/121 MP: 27/37
 32254 | Snake:3  | Identified the +1 ring mail of Mysticism {SInv}
 32728 | Snake:4  | Entered Level 4 of the Snake Pit
 32760 | Snake:4  | Found Qeaczea's Distillery.
 32855 | Snake:4  | Found Houlorch's Armour Shoppe.
 33273 | Snake:4  | Learned a level 2 spell: Sublimation of Blood
 33365 | Snake:4  | Reached skill level 10 in Armour
 33438 | Snake:4  | Found Ahikh's Distillery.
 34745 | Snake:4  | Got a serpentine rune of Zot
 35026 | Shoals:1 | Entered Level 1 of the Shoals
 35191 | Shoals:1 | Reached skill level 10 in Shields
 35498 | Shoals:1 | Found Lotwa Xeuc's Armour Shop.
 35566 | Shoals:1 | Reached skill level 5 in Stealth
 35601 | Shoals:1 | Identified the +0 leather armour of Vaonu {Regen+ SInv}
 35964 | Snake:2  | Bought a scroll of enchant armour for 142 gold pieces
 36462 | Shoals:2 | Noticed Frances
 36508 | Shoals:2 | Killed Frances
 36575 | Shoals:2 | Found Ynliem's Distillery.
 37672 | Shoals:3 | HP: 6/126 [merfolk javelineer/silver javelin[Ilsuiw] (3)]
 37776 | Shoals:3 | Learned a level 4 spell: Fulminant Prism
 37782 | Shoals:3 | Learned a level 5 spell: Arcjolt
 38251 | Shoals:3 | Noticed Ilsuiw
 38989 | Shoals:3 | Killed Ilsuiw
 39209 | Shoals:3 | Identified Roxanne's Book of Terrain
 39209 | Shoals:3 | Noticed Roxanne
 39957 | Shoals:3 | Killed Roxanne
 39958 | Shoals:3 | Reached XP level 17. HP: 131/133 MP: 23/38
 39972 | Shoals:3 | Learned a level 6 spell: Statue Form
 40094 | Shoals:4 | Entered Level 4 of the Shoals
 40103 | Shoals:4 | Reached skill level 5 in Necromancy
 40611 | Shoals:4 | Identified the +6 mace "Bell" {venom, Str+3}
 40631 | Shoals:4 | Reached skill level 1 in Transmutations
 41405 | Shoals:4 | Noticed Polyphemus
 41421 | Shoals:4 | Killed Polyphemus
 41634 | Shoals:4 | Reached skill level 5 in Transmutations
 41827 | Shoals:4 | Got a barnacled rune of Zot
 42231 | Shoals:4 | Identified the amulet of the Lily {Faith MP-9 Int+2 SInv}
 42660 | Elf:1    | Entered Level 1 of the Elven Halls
 43414 | Elf:1    | Found Waostr Akhi's Antique Weapon Boutique.
 43782 | Elf:1    | Got Molodev's Tractate on Adjuration
 44095 | Elf:2    | Found a magical portal.
 44111 | WizLab   | Entered The Hall of the Hellbinder
 44187 | WizLab   | Gained mutation: You sometimes lose your temper in combat.
                  | [a cacodemon]
 44194 | WizLab   | Gained mutation: You are frail. (-10% HP) [a cacodemon]
 44196 | WizLab   | HP: 6/122 [disintegration (24)]
 44230 | WizLab   | Lost mutation: You are frail. (-10% HP) [a cacodemon]
 44242 | WizLab   | Noticed Jiug
 44264 | WizLab   | HP: 5/137 [burnt (2)]
 44264 | WizLab   | Slain by a sun demon

Illustrated notes

Levels and vault maps discovered:
D:1:      psy_arrival_basics, layout_basic
D:2:      layout_loops_ring, uniq_sigmund
D:3:      layout_loops_corners, tgw_fedhas, mainiacjoe_overflow_alcove_1,
          lightli_sewer_entry_pipes
D:4:      layout_basic, lemuel_zombie_altar_kikubaaqudgha,
          mainiacjoe_overflow_cross_hatched, mainiacjoe_overflow_brackets,
          minitemple, uniq_crazy_yiuf_cottage, uniq_ijyb, uniq_edmund
D:5:      dreamdust_elfheim, layout_basic, grunt_decor_junction,
          uniq_blork_the_orc
D:6:      layout_gridville, elyvilon_altar_5, lemuel_temple_firewalk_b,
          nicolae_ossuary_entry_plus, kennysheep_generic_room_11
D:7:      layout_basic, serial_shops, shop, shop, nicolae_stop_n_shop_2,
          uniq_duvessa, uniq_pikel, uniq_menkaure, uniq_maggie
D:8:      layout_basic, overflow_temple_1_default, hellmonk_lair_entry_icy
D:9:      layout_roguey, nemelex_xobeh_ov_fountains_minmay, old_standard_altar,
          david_orc_5, serial_shops, nicolae_shop_tiny_statue_garden,
          enter_bailey_5
D:10:     layout_basic, nicolae_wu_jian_wuxing_cycle,
          mainiacjoe_overflow_small_starburst, nicolae_nh_oracle_at_delphi,
          uniq_grum, uniq_joseph, uniq_harold
D:11:     layout_loops_cross, enter_trove_2
D:12:     layout_rooms, hellmonk_ghost_big_iron, uniq_gastronok, uniq_rupert
D:13:     layout_grid_maze, minivault_22, ashenzari_altar_1
Lair:1:   beast_lair_carwin_large_2, layout_loops_ring
Lair:2:   layout_cave_pods, minmay_shoals_entry_beasts,
          chequers_serial_rivers_small_b
Lair:3:   layout_gridlike, nicolae_snake_entry_warm_welcome
Lair:4:   layout_roguey, grunt_megastairs_1
Lair:5:   evilmike_catoblepas_cave, layout_misc_corridors,
          minmay_slime_entry_pillars, portal_ice_cave_demonic_guard
Shoals:1: layout_shoals, serial_shops, shop, ldierk_geyser
Shoals:2: layout_shoals, serial_shops, shop, uniq_frances
Shoals:3: layout_shoals, nicolae_shoals_lost_giant_temple, uniq_roxanne,
          uniq_ilsuiw
Shoals:4: shoals_end_grunt_ice, layout_shoals, shoal_ilsuiw, uniq_polyphemus
Snake:1:  layout_grid_maze, drop_trap, uniq_aizul, uniq_mlioglotl, uniq_asterion
Snake:2:  layout_onion, serial_shops, bzr_entry_gold, minmay_shoptagon
Snake:3:  hangedman_cross_veins, layout_cave_shapes, grunt_megastairs_3
Snake:4:  johnstein_snake_rune_scales, layout_cave_town, serial_shops,
          nicolae_shop_waterfront, shop, nicolae_square_shop
Orc:1:    lemuel_ogre_cave, layout_diamond_mine
Orc:2:    st_orc_elflike, layout_diamond_mine, hellmonk_bongcloud_opening
Elf:1:    minmay_elf_arrival_plus, layout_gridlike, serial_shops, shop,
          minmay_elf_demonology, st_stairs_9, minmay_misc_feat_ornament
Elf:2:    nicolae_elf_blades_splatter_lattice [nicolae_blade_little_rooms],
          layout_geoelf_grid, mu_enter_wizlab_4, uniq_agnes
WizLab:   wizlab_demon

Skill      XL: |  1  2  3  4  5  6  7  8  9 10 11 12 13 14 15 16 17 |
---------------+----------------------------------------------------+-----
Spellcasting   | 2 3 4 5 9 11 12 | 12.3
Conjurations   | 4 5 6 10 11 | 11.5
Translocations | 4 8 11 | 11.1
Shields        | 5 9 10 | 10.1
Fighting       | 5 8 9 |  9.1
Armour         | 4 8 10 | 10.1
Dodging        | 8 9 |  9.8
Necromancy     | 1 3 4 7 |  7.2
Earth Magic    | 1 3 |  3.2
Ranged Weapons | 10 | 10.3
Stealth        | 5 |  5.2
Transmutations | 8 |  8.5

Action                     |  1- 3 |  4- 6 |  7- 9 | 10-12 | 13-15 | 16-18 || total
---------------------------+-------+-------+-------+-------+-------+-------++-------
  Melee: Unarmed           |       |    10 |       |       |       |       ||    10
         Quarterstaff      |       |       |    26 |    11 |       |       ||    37
   Fire: Sling             |       |       |       |   277 |  1077 |  1126 ||  2480
   Cast: Magic Dart        |    68 |    84 |    47 |     2 |     3 |       ||   204
         Searing Ray       |     4 |    17 |    17 |       |     6 |     4 ||    48
         Iskenderun's Myst |       |       |    92 |   331 |   771 |   667 ||  1861
         Fulminant Prism   |       |       |       |     1 |     7 |     1 ||     9
         Borgnjor's Vile C |       |       |       |       |     8 |    15 ||    23
         Wereblood         |       |       |       |       |     2 |     1 ||     3
         Iron Shot         |       |       |       |       |     1 |       ||     1
         Sublimation of Bl |       |       |       |       |       |     2 ||     2
         Arcjolt           |       |       |       |       |       |     1 ||     1
  Evoke: Lightning rod     |       |       |       |       |     3 |       ||     3
         Phantom mirror    |       |       |       |       |     1 |       ||     1
    Use: Potion            |       |     1 |     1 |     2 |     7 |    32 ||    43
         Scroll            |       |     7 |     4 |    11 |    14 |    25 ||    61
 Armour: Ring mail         |     8 |    17 |       |       |       |       ||    25
         Leather armour    |       |     3 |    36 |    85 |   165 |       ||   289
         Troll leather arm |       |       |       |       |    57 |   172 ||   229
  Dodge: Dodged            |    10 |    29 |    54 |   111 |   388 |   325 ||   917
  Block: Buckler           |       |       |       |    41 |   308 |    74 ||   423
         Kite shield       |       |       |       |       |       |   269 ||   269
         Reflection        |       |       |       |       |       |    73 ||    73
